3A
KENNESAW JETS @ ALAMEDA AIRMEN
07/11/2020
 
TOP OF THE 1ST
Kennesaw Jets batting - Pitching for Alameda Airmen : RHP Carlos Martínez
Pitching: RHP Carlos Martínez
Batting: RHB Raúl Guerrero 0-0: Foul Ball, location: 2F
0-1: SINGLE (Groundball, 6)
Batting: RHB Jorge Rivera 0-0: Called Strike
0-1: Ball
1-1: Ground out 5-3 (Groundball, 5S)
Raúl Guerrero to second
Batting: RHB Artie Miller 0-0: Swinging Strike
0-1: Called Strike
0-2: Ball
1-2: Foul Ball, location: 2F
1-2: Strikes out looking
Batting: RHB Brandon McCullough 0-0: Called Strike
0-1: Foul Ball, location: 2F
0-2: Ball
1-2: Ball
2-2: Strikes out swinging
Top of the 1st over - 0 run(s), 1 hit(s), 0 error(s), 1 left on base; Kennesaw 0 - Alameda 0
BOTTOM OF THE 1ST
Alameda Airmen batting - Pitching for Kennesaw Jets : RHP Ángel Rivera
Pitching: RHP Ángel Rivera
Batting: RHB Edgar García 0-0: Ball
1-0: Bunt for hit - play at first, batter OUT! 5-3
Batting: RHB António Delgado 0-0: Ball
1-0: Foul Ball, location: 2F
1-1: Bunt for hit - play at first, batter safe!
Batting: RHB William Miles 0-0: Swinging Strike
0-1: Ball
1-1: SINGLE (Groundball, 4MD) (infield hit)
António Delgado to second
Batting: SHB Burton Storey 0-0: Called Strike
0-1: Swinging Strike
0-2: Foul Ball, location: 2F
0-2: Ball
1-2: Foul Ball, location: 2F
1-2: Ball
2-2: Ball
3-2: Fly out, F8 (Flyball, 8LM)
Batting: RHB Gabriel Juárez 0-0: Called Strike
0-1: DOUBLE (Groundball, 5L)
António Delgado scores
William Miles to third
Batting: RHB Miguel Torres 0-0: DOUBLE (Groundball, 5L)
William Miles scores
Gabriel Juárez scores
Batting: RHB Juan Márquez 0-0: Foul Ball, location: 2F
0-1: Ball
1-1: Fly out, F8 (Flyball, 8LM)
Bottom of the 1st over - 3 run(s), 4 hit(s), 0 error(s), 1 left on base; Kennesaw 0 - Alameda 3
TOP OF THE 2ND
Kennesaw Jets batting - Pitching for Alameda Airmen : RHP Carlos Martínez
Batting: RHB José Ramos 0-0: Ball
1-0: Foul Ball, location: 2F
1-1: Ball
2-1: SINGLE (Line Drive, 8LS)
Batting: RHB Andrés Sánchez 0-0: Ball
1-0: Grounds into double play, 1-4-3 (Groundball, 13)
Batting: RHB Miguel Angel González 0-0: Called Strike
0-1: Ground out 6-3 (Groundball, 6S)
Top of the 2nd over - 0 run(s), 1 hit(s), 0 error(s), 0 left on base; Kennesaw 0 - Alameda 3
BOTTOM OF THE 2ND
Alameda Airmen batting - Pitching for Kennesaw Jets : RHP Ángel Rivera
Batting: RHB Manuel Martínez 0-0: Called Strike
0-1: Ball
1-1: Called Strike
1-2: Strikes out swinging
Batting: RHB José Cervantes 0-0: Ground out 6-3 (Groundball, 6)
Batting: RHB Edgar García 0-0: Ball
1-0: Ball
2-0: Fly out, F8 (Line Drive, 8LM)
Bottom of the 2nd over - 0 run(s), 0 hit(s), 0 error(s), 0 left on base; Kennesaw 0 - Alameda 3
TOP OF THE 3RD
Kennesaw Jets batting - Pitching for Alameda Airmen : RHP Carlos Martínez
Batting: RHB Carlos Ávila 0-0: Called Strike
0-1: Swinging Strike
0-2: Ball
1-2: Strikes out swinging
Batting: LHB Jim Unknown 0-0: Called Strike
0-1: Swinging Strike
0-2: Foul Ball, location: 2F
0-2: Ball
1-2: SINGLE (Groundball, 56D)
Batting: RHB Raúl Guerrero 0-0: Swinging Strike
0-1: Ball
1-1: Fielders Choice at 2nd, 3-6 (Groundball, 3)
Batting: RHB Jorge Rivera 0-0: Fielders Choice at 2nd, U6 (Groundball, 6M)
Top of the 3rd over - 0 run(s), 1 hit(s), 0 error(s), 1 left on base; Kennesaw 0 - Alameda 3
BOTTOM OF THE 3RD
Alameda Airmen batting - Pitching for Kennesaw Jets : RHP Ángel Rivera
Batting: RHB António Delgado 0-0: Foul Ball, location: 2F
0-1: Foul Ball, location: 2F
0-2: Ball
1-2: Foul Ball, location: 2F
1-2: Ball
2-2: Foul Ball, location: 2F
2-2: Fly out, F3 (Popup, 3F)
Batting: RHB William Miles 0-0: Fly out, F3 (Popup, 3L)
Batting: SHB Burton Storey 0-0: Ball
1-0: Called Strike
1-1: Ground out 4-3 (Groundball, 4M)
Bottom of the 3rd over - 0 run(s), 0 hit(s), 0 error(s), 0 left on base; Kennesaw 0 - Alameda 3
TOP OF THE 4TH
Kennesaw Jets batting - Pitching for Alameda Airmen : RHP Carlos Martínez
Batting: RHB Artie Miller 0-0: Ball
1-0: Swinging Strike
1-1: Swinging Strike
1-2: Foul Ball, location: 2F
1-2: SINGLE (Line Drive, 5D)
Batting: RHB Brandon McCullough 0-0: Ball
1-0: Ball
2-0: DOUBLE (Line Drive, 9LM)
Artie Miller to third
Batting: RHB José Ramos 0-0: Ball
1-0: Called Strike
1-1: Ball
2-1: Ball
3-1: Base on Balls
Batting: RHB Andrés Sánchez 0-0: Ball
1-0: Foul Ball, location: 2F
1-1: Called Strike
1-2: Ball
2-2: DOUBLE (Groundball, 5L)
Artie Miller scores
Brandon McCullough scores
José Ramos to third
Batting: RHB Miguel Angel González 0-0: Ball
1-0: Fly out, F9 (Flyball, 89M)
Runner from 3rd tags up, SCORES, no throw
Batting: RHB Carlos Ávila 0-0: Ball
1-0: SINGLE (Line Drive, 34)
Andrés Sánchez to third
Runner from 3rd tries for Home, SAFE, no throw or cutoff
Batting: LHB Jim Unknown 0-0: Ball
Carlos Ávila steals 2nd base
1-0: Called Strike
1-1: Called Strike
1-2: Ball
2-2: Ball
3-2: Strikes out swinging
Batting: RHB Raúl Guerrero 0-0: Foul Ball, location: 2F
0-1: Foul Ball, location: 2F
0-2: Ball
1-2: Strikes out looking
Top of the 4th over - 4 run(s), 4 hit(s), 0 error(s), 1 left on base; Kennesaw 4 - Alameda 3
BOTTOM OF THE 4TH
Alameda Airmen batting - Pitching for Kennesaw Jets : RHP Ángel Rivera
Batting: RHB Gabriel Juárez 0-0: SINGLE (Groundball, 56D)
Batting: RHB Miguel Torres 0-0: Ball
1-0: Ball
2-0: Fly out, F9 (Flyball, 9S)
Batting: RHB Juan Márquez 0-0: Ball
1-0: Foul Ball, location: 2F
1-1: Grounds into double play, 4-6-3 (Groundball, 4)
Bottom of the 4th over - 0 run(s), 1 hit(s), 0 error(s), 0 left on base; Kennesaw 4 - Alameda 3
TOP OF THE 5TH
Kennesaw Jets batting - Pitching for Alameda Airmen : RHP Carlos Martínez
Batting: RHB Jorge Rivera 0-0: Called Strike
0-1: Ball
1-1: Swinging Strike
1-2: Strikes out swinging
Batting: RHB Artie Miller 0-0: Called Strike
0-1: Ball
1-1: Ball
2-1: Foul Ball, location: 2F
2-2: Fly out, F9 (Flyball, 89S)
Batting: RHB Brandon McCullough 0-0: SINGLE (Groundball, 4M)
Batting: RHB José Ramos 0-0: Ball
1-0: Fly out, F8 (Flyball, 89D)
Top of the 5th over - 0 run(s), 1 hit(s), 0 error(s), 1 left on base; Kennesaw 4 - Alameda 3
BOTTOM OF THE 5TH
Alameda Airmen batting - Pitching for Kennesaw Jets : RHP Ángel Rivera
Batting: RHB Manuel Martínez 0-0: Called Strike
0-1: Ground out 6-3 (Groundball, 6)
Batting: RHB José Cervantes 0-0: Ball
1-0: Fly out, F7 (Flyball, 7M)
Batting: RHB Edgar García 0-0: Ball
1-0: Ground out 6-3 (Groundball, 6)
Bottom of the 5th over - 0 run(s), 0 hit(s), 0 error(s), 0 left on base; Kennesaw 4 - Alameda 3
TOP OF THE 6TH
Kennesaw Jets batting - Pitching for Alameda Airmen : RHP Carlos Martínez
Batting: RHB Andrés Sánchez 0-0: Ball
1-0: Called Strike
1-1: Swinging Strike
1-2: Foul Ball, location: 2F
1-2: Ball
2-2: Strikes out swinging
Batting: RHB Miguel Angel González 0-0: Ball
1-0: Ball
2-0: Called Strike
2-1: Foul Ball, location: 2F
2-2: Strikes out swinging
Batting: RHB Carlos Ávila 0-0: Ball
1-0: Ball
2-0: DOUBLE (Line Drive, 3L)
Batting: LHB Jim Unknown 0-0: Called Strike
0-1: Swinging Strike
0-2: Strikes out swinging
Top of the 6th over - 0 run(s), 1 hit(s), 0 error(s), 1 left on base; Kennesaw 4 - Alameda 3
BOTTOM OF THE 6TH
Alameda Airmen batting - Pitching for Kennesaw Jets : RHP Ángel Rivera
Batting: RHB António Delgado 0-0: Ball
1-0: Swinging Strike
1-1: SINGLE (Groundball, 56)
Batting: RHB William Miles 0-0: Foul Ball, location: 2F
0-1: Ball
Wild Pitch!
António Delgado to second
1-1: Ball
2-1: Swinging Strike
2-2: Ball
3-2: DOUBLE (Groundball, 5L)
António Delgado scores
Batting: SHB Burton Storey 0-0: Called Strike
0-1: Ground out 4-3 (Groundball, 4M)
William Miles to third
Batting: RHB Gabriel Juárez 0-0: Ball
1-0: Ball
2-0: Foul Ball, location: 2F
2-1: Foul Ball, location: 2F
2-2: Ball
3-2: DOUBLE (Flyball, 78XD)
William Miles scores
Batting: RHB Miguel Torres 0-0: Called Strike
0-1: Ball
1-1: SINGLE (Groundball, 56D)
Gabriel Juárez to third
Runner from 3rd tries for Home, SAFE, throw made home
Batting: RHB Juan Márquez Pickoff Throw to First - Out!
0-0: Ball
1-0: Fly out, F9 (Flyball, 9M)
Bottom of the 6th over - 3 run(s), 4 hit(s), 0 error(s), 0 left on base; Kennesaw 4 - Alameda 6
TOP OF THE 7TH
Kennesaw Jets batting - Pitching for Alameda Airmen : RHP Carlos Martínez
Batting: RHB Raúl Guerrero 0-0: Ball
1-0: Ball
2-0: Called Strike
2-1: Swinging Strike
2-2: Foul Ball, location: 2F
2-2: Ball
3-2: Foul Ball, location: 2F
3-2: Strikes out swinging
Batting: RHB Jorge Rivera 0-0: Ball
1-0: SINGLE (Flyball, 89M)
Batting: RHB Artie Miller 0-0: Foul Ball, location: 2F
0-1: Ball
1-1: Called Strike
1-2: Ball
2-2: Strikes out swinging
Batting: RHB Brandon McCullough 0-0: Called Strike
0-1: Ball
1-1: Reached on error, E5 (Groundball, 56)
Jorge Rivera to second
Pitching: RHP Vernon Turner
Pinch Hitting: RHB Jim Unknown 0-0: Ball
1-0: Ball
2-0: Ball
3-0: Base on Balls
Jorge Rivera to third
Brandon McCullough to second
Batting: RHB Andrés Sánchez 0-0: Ball
1-0: Fly out, F4 (Line Drive, 4)
Top of the 7th over - 0 run(s), 1 hit(s), 1 error(s), 3 left on base; Kennesaw 4 - Alameda 6
BOTTOM OF THE 7TH
Alameda Airmen batting - Pitching for Kennesaw Jets : RHP Ángel Rivera
Now in CF: Jim Unknown
Batting: RHB Manuel Martínez 0-0: Ball
1-0: Swinging Strike
1-1: Ball
2-1: SINGLE (Groundball, 34D)
Batting: RHB José Cervantes 0-0: Sac Bunt - play at first, batter OUT! 3-4
Manuel Martínez to second
Batting: RHB Edgar García 0-0: Ball
1-0: Swinging Strike
1-1: Fly out, F7 (Flyball, 7M)
Batting: RHB António Delgado 0-0: SINGLE (Popup, 9LS)
Manuel Martínez to third
Runner from 3rd tries for Home, SAFE, no throw or cutoff
Pitching: RHP Claudio Díaz
Batting: RHB William Miles 0-0: Called Strike
0-1: Foul Ball, location: 2F
0-2: Foul Ball, location: 2F
0-2: Strikes out swinging
Bottom of the 7th over - 1 run(s), 2 hit(s), 0 error(s), 1 left on base; Kennesaw 4 - Alameda 7
TOP OF THE 8TH
Kennesaw Jets batting - Pitching for Alameda Airmen : RHP Vernon Turner
Batting: RHB Miguel Angel González 0-0: Ball
1-0: Called Strike
1-1: Ball
2-1: Called Strike
2-2: Fly out, F7 (Flyball, 78S)
Batting: RHB Carlos Ávila 0-0: Called Strike
0-1: Swinging Strike
0-2: SINGLE (Line Drive, 56D)
Pitching: LHP Yvan Benincasa
Batting: LHB Jim Unknown 0-0: Ball
1-0: Ball
2-0: Foul Ball, location: 2F
2-1: Ball
3-1: Base on Balls
Carlos Ávila to second
Pitching: RHP Héctor Ruíz
Batting: RHB Raúl Guerrero 0-0: Called Strike
0-1: Fly out, F5 (Line Drive, 5)
Batting: RHB Jorge Rivera 0-0: Ball
1-0: Ball
2-0: Foul Ball, location: 2F
2-1: Foul Ball, location: 2F
2-2: Foul Ball, location: 2F
2-2: Fly out, F8 (Flyball, 8RS)
Top of the 8th over - 0 run(s), 1 hit(s), 0 error(s), 2 left on base; Kennesaw 4 - Alameda 7
BOTTOM OF THE 8TH
Alameda Airmen batting - Pitching for Kennesaw Jets : RHP Claudio Díaz
Batting: SHB Burton Storey 0-0: Swinging Strike
0-1: Ball
1-1: Foul Ball, location: 2F
1-2: Strikes out swinging
Batting: RHB Gabriel Juárez 0-0: Ball
1-0: Ball
2-0: Ball
3-0: Called Strike
3-1: Base on Balls
Batting: RHB Miguel Torres 0-0: Ball
1-0: Called Strike
1-1: Foul Ball, location: 2F
1-2: Ball
2-2: Foul Ball, location: 2F
2-2: SINGLE (Line Drive, 9S)
Gabriel Juárez to second
Batting: RHB Juan Márquez 0-0: Grounds into double play, 6-4-3 (Groundball, 6)
Bottom of the 8th over - 0 run(s), 1 hit(s), 0 error(s), 1 left on base; Kennesaw 4 - Alameda 7
TOP OF THE 9TH
Kennesaw Jets batting - Pitching for Alameda Airmen : RHP Héctor Ruíz
Pitching: LHP Cisco Flores
Batting: RHB Artie Miller 0-0: Ball
1-0: Ball
2-0: Swinging Strike
2-1: Foul Ball, location: 2F
2-2: Strikes out swinging
Batting: RHB Brandon McCullough 0-0: Ball
1-0: Called Strike
1-1: Swinging Strike
1-2: Foul Ball, location: 2F
1-2: Ball
2-2: Strikes out swinging
Batting: LHB Jim Unknown 0-0: Called Strike
0-1: Called Strike
0-2: Ball
1-2: Strikes out swinging
Top of the 9th over - 0 run(s), 0 hit(s), 0 error(s), 0 left on base; Kennesaw 4 - Alameda 7
This league is powered by Out of the Park Baseball, the baseball management simulation game for PC, Mac and Linux
Friday, October 23rd, 2015 - OOTP Baseball 16.9 Build 39